 Dungeon Crawl Stone Soup version 0.26-a0-466-g989023bd0d (webtiles) character file.

Game seed: 14817928566357917618

15001 wyinc the Protected (level 11, -8/97 HPs)
             Began as a Minotaur Berserker on Aug 13, 2020.
             Was a High Priest of Trog.
             Mangled by a komodo dragon (15 damage)
             ... on level 1 of the Lair of Beasts.
             The game lasted 00:40:37 (14357 turns).

wyinc the Protected (Minotaur Berserker)           Turns: 14357, Time: 00:40:38

Health: -8/97      AC: 28    Str: 31    XL:     11   Next: 96%
Magic:  10/10      EV: 11    Int:  4    God:    Trog [*****.]
Gold:   679        SH:  0    Dex: 10    Spells: 10/10 levels left

rFire    . . .     SeeInvis +   P - +1 falchion of Juphes {protect, *Slow MR+ SInv}
rCold    . . .     Faith    .   (no shield)
rNeg     . . .     Spirit   .   E - +3 plate armour
rPois    .         Reflect  .   (helmet restricted)
rElec    .         Harm     .   y - +0 cloak {Stlth+}
rCorr    +                      (no gloves)
MR       +....                  k - +0 pair of boots
Stlth    ..........             g - amulet of magic regeneration
HPRegen  0.26/turn              h - ring of resist corrosion
MPRegen  0.37/turn              D - +6 ring of strength

@: protection aura
A: retaliatory headbutt, horns 2, wild magic 2
a: Berserk, Trog's Hand, Brothers in Arms, Renounce Religion


You were on level 1 of the Lair of Beasts.
You worshipped Trog.
Trog was extremely pleased with you.
You visited 2 branches of the dungeon, and saw 13 of its levels.

You collected 859 gold pieces.
You spent 180 gold pieces at shops.

Inventory:

Hand Weapons
 a - a +1 spear
 q - a +7 quarterstaff of chaos
 s - a +2 mace of protection
 t - a +0 halberd
 J - a +4 falchion
 K - a +2 mace of protection
 N - the +5 rapier "Jellyslayer" {venom, MR++}
   (You found it on level 9 of the Dungeon)

   It poisons the flesh of those it strikes.
   It affects your resistance to hostile enchantments.
 P - the +1 falchion of Juphes (weapon) {protect, *Slow MR+ SInv}
   (You found it on level 11 of the Dungeon)

   It grants its wielder temporary protection when it strikes (+7 to AC).
   It affects your resistance to hostile enchantments.
   It lets you see invisible.
   It may slow you when you take damage.
Armour
 k - a +0 pair of boots (worn)
 y - a +0 cloak of stealth (worn)
 B - the +1 ring mail of the Orcish Mines {-Tele +Fly rC+ rN+, unknown}
   (You found it on level 1 of the Lair of Beasts)

   It protects you from cold.
   It protects you from negative energy.
   It lets you fly.
   It prevents most forms of teleportation.
 E - a +3 plate armour (worn)
Jewellery
 g - an amulet of magic regeneration (around neck)
 h - a ring of resist corrosion (left hand)
 o - an uncursed ring of protection from fire
 C - a cursed ring of attention
 D - a +6 ring of strength (right hand)
 M - an uncursed ring of positive energy
Wands
 f - a wand of acid (3)
 A - a wand of paralysis (17)
 H - a wand of iceblast (8)
 I - a wand of polymorph (13)
Scrolls
 b - a scroll of fear
 j - 2 scrolls of noise
 l - 8 scrolls of remove curse
 p - 2 scrolls of immolation
 r - 2 scrolls of magic mapping
 u - a scroll of fog
 w - 6 scrolls of teleportation
 L - a scroll of blinking
Potions
 c - a potion of flight
 d - a potion of haste
 e - a potion of invisibility
 i - a potion of degeneration
 m - 3 potions of ambrosia
 n - a potion of brilliance
 v - 2 potions of resistance
 x - 3 potions of might
 z - a potion of stabbing
 G - 2 potions of curing


   Skills:
 - Level 9.5 Fighting
 - Level 2.6(4.3) Short Blades
 + Level 5.9(6.3) Long Blades
 - Level 6.7(10.3) Polearms
 - Level 12.0(12.6) Staves
 + Level 12.1 Armour
 + Level 8.4 Dodging
 - Level 2.7 Stealth


You had 10 spell levels left.
You didn't know any spells.
Your spell library contained the following spells:

 Spells                   Type           Power        Failure   Level
 Animate Skeleton         Necr           #.....       99%         1
 Pain                     Necr           #...         99%         1
 Summon Small Mammal      Summ           #...         99%         1
 Call Imp                 Summ           #.......     100%        2
 Poisonous Vapours        Pois/Air       #.....       100%        2
 Call Canine Familiar     Summ           #.......     100%        3
 Confusing Touch          Hex            #.......     100%        3
 Conjure Flame            Conj/Fire      #.......     100%        3
 Gell's Gravitas          Tloc           #.........   100%        3
 Mephitic Cloud           Conj/Pois/Air  #.......     100%        3
 Summon Guardian Golem    Hex/Summ       #.......     100%        3
 Vampiric Draining        Necr           #.........   100%        3
 Animate Dead             Necr           #.........   100%        4
 Petrify                  Tmut/Erth      #.......     100%        4
 Summon Ice Beast         Ice/Summ       #.......     100%        4
 Summon Lightning Spire   Summ/Air       #.......     100%        4
 Agony                    Necr           #.......     100%        5
 Metabolic Englaciation   Hex/Ice        #.........   100%        5
 Yara's Violent Unravell  Hex/Tmut       #.........   100%        5
 Freezing Cloud           Conj/Ice/Air   #.........   100%        6


Dungeon Overview and Level Annotations

Branches:
Dungeon (11/15)            Temple (0/1) D:6            Lair (2/6) D:11
    Orc (0/2) D:10
  Swamp: Lair:2-4    Shoals: Lair:2-4     Snake: Lair:2-4    Spider: Lair:2-4

Altars:
Ashenzari
Elyvilon
Fedhas
Kikubaaqudgha
Nemelex Xobeh
Ru
Trog
Wu Jian

Shops:
D:5 [


Innate Abilities, Weirdness & Mutations

You reflexively headbutt those who attack you in melee.
You have a pair of horns on your head.
Your spells are harder to cast, but more powerful.


Message History

The komodo dragon bites you but does no damage.
You hit the komodo dragon.
The komodo dragon is severely wounded.
The komodo dragon bites you but does no damage.
You hit the komodo dragon but do no damage.
You headbutt the komodo dragon, but do no damage.
The komodo dragon is severely wounded.
The komodo dragon bites you!!
* * * LOW HITPOINT WARNING * * *
You hit the komodo dragon but do no damage.
The komodo dragon is severely wounded.
The komodo dragon bites you!
* * * LOW HITPOINT WARNING * * *
You hit the komodo dragon.
The komodo dragon is severely wounded.
The komodo dragon barely misses you.
You barely miss the komodo dragon.
The komodo dragon is severely wounded.
The komodo dragon bites you!
You die...

###.##.######
............. ....
............. ....
............. .....
............. ..?..
.####.###P#### .....#
####...#####.#####......
...............†.....#
...............l@..##...
...................#
.....................#
####P#########....##...⌠
# ## .....# .#...
##...........
#......#.... # #....##
...# ### # ###.# ##
...##.####


You could see a komodo dragon.

Vanquished Creatures
  Josephine (D:11)
  Erolcha (D:10)
  Harold (D:8)
  A two-headed ogre (D:8)
  An unseen horror (D:11)
  A black mamba (Lair:1)
  A gargoyle (D:11)
  2 komodo dragons (Lair:1)
  A kobold demonologist (D:11)
  2 trolls (D:11)
  A hornet (D:11)
  3 blink frogs (Lair:1)
  3 hippogriffs
  A shadow (D:10)
  4 yaks (D:9)
  3 wraiths
  2 basilisks (Lair:1)
  Menkaure (D:5)
  Grum (D:10)
  2 water moccasins
  2 wargs (D:11)
  A porcupine (Lair:1)
  2 sky beasts
  3 orc warriors
  5 black bears
  3 ice beasts
  An ogre (D:7)
  3 necrophages
  4 wolves (D:10)
  5 phantoms
  2 centaurs
  2 crocodiles
  5 big kobolds
  5 bullfrogs
  2 scorpions
  2 troll zombies (D:10)
  11 killer bees
  4 wights (D:10)
  5 howler monkeys
  4 jellies
  A bullfrog zombie (D:5)
  13 orc priests
  3 bullfrog skeletons
  8 hounds
  Crazy Yiuf (D:4)
  9 orc wizards
  5 iguanas
  8 worker ants
  A killer bee zombie (D:9)
  5 ogre zombies (D:10)
  A hound skeleton (D:9)
  2 worker ant zombies
  11 gnolls
  7 adders
  2 river rats (D:5)
  2 shadow imps
  An ufetubus (D:10)
  An adder skeleton (D:7)
  4 worms
  A dart slug (D:1)
  5 leopard geckos
  35 orcs
  2 ball pythons
  7 giant cockroaches
  10 goblins
  2 hobgoblins
  9 jackals
  4 quokkas
  5 bats
  6 frilled lizards
  A goblin skeleton (D:10)
  3 goblin zombies (D:10)
  2 hobgoblin skeletons (D:10)
  2 hobgoblin zombies (D:10)
  13 kobolds
  A leopard gecko skeleton (D:6)
  A leopard gecko zombie (D:7)
  10 orc zombies (D:10)
  A rat (D:1)
309 creatures vanquished.

Vanquished Creatures (collateral kills)
  A hippogriff (D:9)
  2 yaks (D:9)
  A troll zombie (D:10)
  2 goblin zombies (D:10)
  4 orc zombies (D:10)
10 creatures vanquished.

Vanquished Creatures (others)
  A hound skeleton (D:10)
  An orc zombie (D:10)
  A fungus (Lair:1)
  2 plants
  5 toadstools (D:1)
10 creatures vanquished.

Grand Total: 329 creatures vanquished

Notes
Turn   | Place    | Note
-------+----------+-------------------------------------------
     0 | D:1      | wyinc the Minotaur Berserker began the quest for the Orb.
     0 | D:1      | Reached XP level 1. HP: 19/19 MP: 0/0
   289 | D:1      | Reached XP level 2. HP: 22/27 MP: 1/1
   726 | D:2      | Reached XP level 3. HP: 19/33 MP: 2/2
  1150 | D:2      | Reached XP level 4. HP: 36/41 MP: 3/3
  1231 | D:2      | Found a sparkling altar of Nemelex Xobeh.
  1231 | D:2      | Found an ornate altar of the Wu Jian Council.
  1466 | D:3      | Reached skill level 5 in Polearms
  1838 | D:3      | Reached ** piety under Trog
  2223 | D:4      | Noticed a necrophage
  2242 | D:4      | Killed a necrophage
  2242 | D:4      | Reached XP level 5. HP: 33/46 MP: 4/4
  2440 | D:4      | Found a runed translucent door.
  2441 | D:4      | Noticed Crazy Yiuf
  2450 | D:4      | Killed Crazy Yiuf
  2450 | D:4      | Reached skill level 5 in Fighting
  2450 | D:4      | Reached XP level 6. HP: 6/55 MP: 5/5
  3236 | D:4      | Reached skill level 1 in Staves
  3265 | D:4      | Reached skill level 1 in Stealth
  3459 | D:4      | Reached XP level 7. HP: 50/60 MP: 6/6
  3825 | D:5      | Entered Level 5 of the Dungeon
  4110 | D:5      | Noticed Menkaure
  4115 | D:5      | Killed Menkaure
  4115 | D:5      | Reached skill level 5 in Armour
  4117 | D:5      | Found Zyrphag's Antique Armour Boutique.
  4129 | D:5      | Bought a runed cloak for 180 gold pieces
  4188 | D:5      | Reached XP level 8. HP: 66/70 MP: 7/7
  4404 | D:5      | Reached *** piety under Trog
  4418 | D:5      | Found a glowing drain.
  4973 | D:6      | Reached skill level 5 in Staves
  5107 | D:6      | Reached skill level 5 in Dodging
  5651 | D:7      | Reached XP level 9. HP: 74/78 MP: 8/8
  6461 | D:6      | Gained mutation: Your spells are a little harder to cast,
                  | but a little more powerful. [potion of mutation]
  6461 | D:6      | Gained mutation: Your spells are harder to cast, but more
                  | powerful. [potion of mutation]
  6534 | D:6      | Found a staircase to the Ecumenical Temple.
  6606 | D:6      | Reached **** piety under Trog
  7306 | D:8      | Noticed Harold
  7316 | D:8      | Killed Harold
  7727 | D:8      | Found a shattered altar of Ashenzari.
  7802 | D:8      | Found a flagged portal.
  8038 | D:8      | Found a blossoming altar of Fedhas.
  8040 | D:8      | Found a bloodstained altar of Trog.
  8047 | D:8      | Found an ancient bone altar of Kikubaaqudgha.
  8050 | D:8      | Found a shattered altar of Ashenzari.
  8051 | D:8      | Found a sacrificial altar of Ru.
  8052 | D:8      | Found a white marble altar of Elyvilon.
  8073 | D:8      | Noticed a two-headed ogre
  8078 | D:8      | Killed a two-headed ogre
  8078 | D:8      | Reached XP level 10. HP: 58/88 MP: 9/9
  8732 | D:9      | Got a bloodstained rapier
  8733 | D:9      | Identified the +5 rapier "Jellyslayer" {venom, MR++} (You
                  | found it on level 9 of the Dungeon)
  8850 | D:9      | Got an ichor-stained leather armour
  8858 | D:9      | Reached skill level 1 in Short Blades
  8863 | D:9      | Reached skill level 10 in Staves
  9026 | D:9      | Reached skill level 10 in Armour
  9485 | D:10     | Entered Level 10 of the Dungeon
  9589 | D:10     | Noticed Erolcha
  9599 | D:10     | Killed Erolcha
  9628 | D:10     | Reached ***** piety under Trog
  9662 | D:10     | Found a staircase to the Orcish Mines.
 10308 | D:10     | Noticed Grum
 10321 | D:10     | Reached XP level 11. HP: 85/96 MP: 10/10
 10338 | D:10     | Killed Grum
 10723 | D:10     | Identified the +4 leather armour of Sloth {rElec rF- rCorr
                  | Dex+3} (You found it on level 9 of the Dungeon)
 11060 | D:11     | Noticed Josephine
 11297 | D:11     | Got an ancient falchion
 11298 | D:11     | Identified the cursed +1 falchion of Juphes {protect, *Slow
                  | MR+ SInv} (You found it on level 11 of the Dungeon)
 11315 | D:11     | Noticed an unseen horror
 11342 | D:11     | Killed an unseen horror
 11383 | D:11     | Reached skill level 1 in Long Blades
 11767 | D:11     | Killed Josephine
 11872 | D:11     | Received a gift from Trog
 12167 | D:11     | Found a staircase to the Lair.
 12303 | D:11     | Paralysed by a hornet for 1 turns
 12936 | Lair:1   | Entered Level 1 of the Lair of Beasts
 13308 | Lair:1   | Reached skill level 5 in Long Blades
 13329 | Lair:1   | HP: 2/96 [blink frog (3)]
 14328 | Lair:1   | Got a smoking ring mail
 14357 | Lair:1   | Mangled by a komodo dragon

Illustrated notes

Levels and vault maps discovered:
D:1:      ldierk_walled_garden, layout_rooms, hex_intersection,
          minmay_misc_feat_tower
D:2:      layout_rooms, gammafunk_temple_overflow_elements
D:3:      layout_loops_corners
D:4:      layout_basic, minmay_pentangle, uniq_crazy_yiuf_cottage
D:5:      layout_gridville, gup_sewer_entry_bubbles, serial_shops, shop,
          serial_bayou_lagoon_b, uniq_menkaure
D:6:      layout_cave_pools, minmay_temple_entry_glassed_door,
          serial_park_tiny_pond, st_stairs_8
D:7:      layout_loops_ring, chequers_serial_rivers_large_a,
          palyth_stone_intersect, supply_closet_lemuel
D:8:      layout_basic, minitemple, basic_altar, enter_bailey_3, uniq_harold
D:9:      layout_loops_ring, kennysheep_generic_room_8
D:10:     layout_gridville, zombieorc2_lemuel, lemuel_flamethrower_2, uniq_grum,
          uniq_erolcha
D:11:     layout_roguey, erik_lair_orcish_takeover, gauntlet_entry_generic,
          minmay_puff, uniq_josephine
Lair:1:   layout_long_grid, minmay_lair_oklob_chamber, grunt_megastairs_1
Lair:2:   layout_chaotic_city, dummy_spider_entry,
          portal_ice_cave_demonic_guard, infiniplex_staircase_pool_2,
          grunt_megastairs_5

Skill      XL: |  1  2  3  4  5  6  7  8  9 10 11 |
---------------+----------------------------------+-----
Fighting       | 4 5 6 8 9 |  9.5
Polearms       | 4 5 6 |  6.7
Armour         | 3 4 5 7 9 10 12 | 12.1
Dodging        | 3 4 5 6 8 |  8.4
Staves         | 1 4 6 9 11 12 | 12.0
Stealth        | 1 2 |  2.7
Short Blades   | 2 |  2.6
Long Blades    | 5 |  5.9

Action                   |  1- 3 |  4- 6 |  7- 9 | 10-12 || total
-------------------------+-------+-------+-------+-------++-------
Melee: Spear             |    44 |    67 |       |       ||   111
       Headbutt          |     9 |    22 |    49 |   113 ||   193
       Quarterstaff      |       |    43 |   230 |   211 ||   484
       Rapier            |       |       |       |     7 ||     7
       Falchion          |       |       |       |   263 ||   263
Invok: Berserk           |       |     1 |     3 |     8 ||    12
       Brothers in Arms  |       |       |       |     2 ||     2
  Use: Scroll            |     3 |     5 |    10 |    16 ||    34
       Potion            |     2 |     1 |     8 |     3 ||    14
 Stab: Confused          |       |       |       |     1 ||     1
       Petrifying        |       |       |       |     1 ||     1
       Paralysed         |       |       |       |     1 ||     1
Armor: Animal skin       |     8 |       |       |       ||     8
       Ring mail         |     3 |    43 |    85 |       ||   131
       Plate armour      |       |       |    39 |   442 ||   481
       Skin              |       |       |     4 |       ||     4
Dodge: Dodged            |    25 |    97 |   181 |   330 ||   633
       Rpst.: Falchion   |       |       |       |    53 ||    53

Table legend: (Time is in decaauts)
 A = Elapsed time spent in this place.
 B = Non-inter-level travel time spent in this place.
 C = Inter-level travel time spent in this place.
 D = Time resting spent in this place.
 E = Time spent auto-exploring this place.
 F = Levels seen in this place.
 G = Mean time per level.
                   A        B        C        D        E       F      G
               +--------+--------+--------+--------+--------+-----+--------+
         Total |  14483 |  14092 |    391 |   4012 |   6512 |  13 | 1114.1 |
       Dungeon |  13050 |  12659 |    391 |   3073 |   6259 |  11 | 1186.4 |
          Lair |   1432 |   1432 |      0 |    939 |    253 |   2 |  716.0 |
               +--------+--------+--------+--------+--------+-----+--------+

Top non-repeatable levels by time:
    D:11: 2020 daAuts
     D:4: 1869 daAuts
    D:10: 1482 daAuts
  Lair:1: 1424 daAuts
     D:6: 1328 daAuts
     D:8: 1136 daAuts
     D:9: 1088 daAuts
     D:5: 970 daAuts
     D:7: 953 daAuts
     D:3: 926 daAuts
     D:2: 807 daAuts
     D:1: 466 daAuts
  Lair:2: 8 daAuts
